 Dungeon Crawl Stone Soup version 0.29-a0-284-gf9362112df (webtiles) character file.

Game seed: 14845119544985424555

1902 avis the Grappler (level 9, 0/74 HPs)
             Began as a Hill Orc Transmuter on Mar 17, 2022.
             Was a Follower of Beogh.
             Slain by an unseen horror (7 damage)
             ... on level 7 of the Dungeon.
             The game lasted 00:37:08 (8483 turns).

avis the Grappler (Hill Orc Transmuter)             Turns: 8483, Time: 00:37:09

Health: 0/74       AC:  2    Str: 15    XL:     9   Next: 15%
Magic:  11/12      EV: 18    Int: 15    God:    Beogh [*.....]
Gold:   294        SH:  0    Dex: 16    Spells: 4/12 levels left

rFire   . . .      SeeInvis .     - Unarmed
rCold   . . .      Faith    .   (shield currently unavailable)
rNeg    . . .      Spirit   .   (body armour currently unavailable)
rPois   .          Reflect  .   (helmet currently unavailable)
rElec   .          Harm     .   (cloak currently unavailable)
rCorr   .          Rampage  .   (gloves currently unavailable)
Will    .....                   (boots currently unavailable)
Stlth   +.........              (no amulet)
HPRegen 0.22/turn               k - ring of poison resistance
MPRegen 0.13/turn               (no ring)

@: spider-form (expiring)
A: venomous fangs, tiny
a: End Transformation, Renounce Religion


You were on level 7 of the Dungeon.
You worshipped Beogh.
Beogh was aware of your devotion.
You were a venomous arachnid creature.
You visited 1 branch of the dungeon, and saw 7 of its levels.

You collected 294 gold pieces.

Inventory:

Hand Weapons
 E - the +5 quarterstaff of Lust (melded) {vorpal, *Rage Str+2 Int+9 Dex-4}
   (You found it on level 6 of the Dungeon)

   It inflicts extra damage upon your enemies.
   Str:       It affects your strength (+2).
   Int:       It affects your intelligence (+9).
   Dex:       It affects your dexterity (-4).
   *Rage:     It berserks you when you make melee attacks (+20% chance).
 F - a +2 whip of venom
 H - the +2 dire flail of Demonic Guile {pain, rF++ Int+3}
   (You found it on level 7 of the Dungeon)

   In the hands of one skilled in necromantic magic, it inflicts extra damage on
   living creatures.
   Int:       It affects your intelligence (+3).
   rF:        It greatly protects you from fire.
 I - a +0 trident
Missiles
 m - 245 stones
 x - 8 poisoned darts
 A - a boomerang (quivered)
Armour
 a - a +0 robe
 c - a +0 leather armour
 e - a +0 ring mail
 i - a +0 chain mail
 j - a +0 chain mail
 l - a +0 pair of boots
 q - a +0 chain mail
 w - the +3 leather armour of Awaqa (melded) {rN+ Stlth+}
   (You found it on level 4 of the Dungeon)

   rN:        It protects you from negative energy.
   Stlth:     It makes you more stealthy.
 z - a scarf of repulsion (melded)
 B - an orb of light
Jewellery
 k - a ring of poison resistance (left front leg)
 s - a +4 ring of protection
Wands
 t - a wand of charming (12)
 C - a wand of acid (3)
Scrolls
 d - a scroll of magic mapping {unknown}
 f - 2 scrolls of noise {unknown}
 n - 3 scrolls of teleportation {unknown}
 p - 3 scrolls of immolation {unknown}
 r - a scroll of holy word {unknown}
 u - 2 scrolls of acquirement {unknown}
 y - 2 scrolls of identify {unknown}
 D - a scroll of enchant weapon {unknown}
 G - a scroll of fear {unknown}
Potions
 b - 2 potions of lignification
 g - 4 potions of heal wounds
 h - a potion of haste {unknown}
 o - 6 potions of curing {unknown}
 v - 2 potions of attraction {unknown}


   Skills:
 - Level 5.0 Fighting
 - Level 4.0 Armour
 - Level 1.5 Dodging
 - Level 9.0 Unarmed Combat
 - Level 2.0 Spellcasting
 - Level 4.0 Transmutations
 * Level 1.7 Ice Magic
 - Level 2.0 Poison Magic
 - Level 3.0 Invocations


You had 4 spell levels left.
You knew the following spells:

 Your Spells              Type           Power      Damage    Failure   Level
a - Beastly Appendage     Tmut           26%        N/A       13%         1
p - Spider Form           Tmut/Pois      10%        N/A       38%         3
q - Ice Form              Ice/Tmut       10%        N/A       77%         4

Your spell library contained the following spells:

 Spells                   Type           Power      Damage    Failure   Level
 Wereblood                Tmut           13%        N/A       17%         2
 Animate Skeleton         Necr           2%         N/A       43%         1
 Pain                     Necr           4%         1d4       43%         1
 Slow                     Hex            4%         N/A       43%         1
 Confusing Touch          Hex            1%         N/A       75%         3
 Tukima's Dance           Hex            1%         N/A       75%         3
 Vampiric Draining        Necr           1%         2d6       75%         3
 Anguish                  Hex/Necr       0%         N/A       98%         4
 Enfeeble                 Hex            0%         N/A       100%        7


Dungeon Overview and Level Annotations

Branches:
Dungeon (7/15)
 Temple: D:4-7

Altars:
Ashenzari
Sif Muna
Uskayaw
Wu Jian
Yredelemnul


Message History

There is an open door here.
Found a basalt altar of Yredelemnul.
You open the door.
There is an open door here.
Something hits you.
Deactivating autopickup; reactivate with Ctrl-A.
There is an open door here.
Something hits you but does no damage.
Casting: Spider Form (dangerous; 12% risk of failure)
Confirm with . or Enter, or press ? or * to list all spells.
You turn into a venomous arachnid creature.
The +5 quarterstaff of Lust {vorpal, *Rage Str+2 Int+9 Dex-4} melds into your body.
Your scarf of repulsion melds into your body.
The +3 leather armour of Awaqa {rN+ Stlth+} melds into your body.
The haze of the repulsion field disappears.
Something hits you! Something hits you but does no damage. Something hits you!
Something hits you. Something hits you! Something barely misses you.
Something hits you! Something barely misses you. Something closely misses you.
There is an open door here.
You hit something but do no damage. Something hits you. Something hits you.
* * * LOW HITPOINT WARNING * * *
You closely miss something. Something hits you.
* * * LOW HITPOINT WARNING * * *
Your transformation is almost over.
Something hits you.
* * * LOW HITPOINT WARNING * * *
There is an open door here.
Something hits you.
* * * LOW HITPOINT WARNING * * *
There is an open door here.
Something hits you.
* * * LOW HITPOINT WARNING * * *
Something is blocking the doorway!
Something barely misses you. Something hits you!
You die...

###### #####
#######....#####...#####
#.....'....#...........#
#.....#....'s.....P.P..#
#....#....######.._...#
######....#........##.P.P..#
.......)..'........#.......#
..........#........#.......#
#..####..#........#.......#
#..####..#........#...##..#
#........#........#...##..#
#.....<..#####....#...##..#


There were no monsters in sight!

Vanquished Creatures
  4 black bears (D:6)
  An ogre (D:6)
  A centaur (D:7)
  2 phantoms
  3 bullfrogs
  2 necrophages
  3 scorpions
  6 killer bees
  5 hounds
  A jelly (D:5)
  5 orc wizards
  A gnoll (D:6)
  6 adders
  A white imp (D:6)
  2 ufetubi
  3 worms
  3 dart slugs
  8 orcs
  4 ball pythons
  7 endoplasms
  7 giant cockroaches
  9 goblins
  7 hobgoblins
  16 jackals
  3 quokkas
  6 bats
  A frilled lizard (D:1)
  6 kobolds
  6 rats
129 creatures vanquished.

Vanquished Creatures (others)
  4 fungi (D:6)
  5 plants (D:4)
9 creatures vanquished.

Grand Total: 138 creatures vanquished

Notes
Turn   | Place    | Note
-------+----------+-------------------------------------------
     0 | D:1      | avis the Hill Orc Transmuter began the quest for the Orb.
     0 | D:1      | Reached XP level 1. HP: 16/16 MP: 3/3
    40 | D:1      | Reached XP level 2. HP: 15/23 MP: 2/4
   119 | D:1      | Reached skill level 4 in Unarmed Combat
   468 | D:1      | Reached XP level 3. HP: 28/29 MP: 2/5
   483 | D:1      | Learned a level 3 spell: Spider Form
  1374 | D:2      | Reached XP level 4. HP: 36/36 MP: 4/6
  1612 | D:2      | Found a shimmering blue altar of Sif Muna.
  1803 | D:2      | Found a faded altar of an unknown god.
  2455 | D:3      | You fall into a shaft and drop 2 floors!
  2455 | D:5      | Entered Level 5 of the Dungeon
  2476 | D:5      | Reached skill level 5 in Unarmed Combat
  2691 | D:4      | Noticed a scorpion
  2694 | D:4      | Reached skill level 1 in Poison Magic
  2701 | D:4      | Reached XP level 5. HP: 22/45 MP: 3/7
  2722 | D:4      | Reached XP level 6. HP: 16/52 MP: 1/9
  3338 | D:3      | Learned a level 4 spell: Ice Form
  3600 | D:3      | Found a hide-covered altar of Uskayaw.
  3606 | D:3      | Found a broken altar of Ashenzari.
  3612 | D:3      | Found an ornate altar of the Wu Jian Council.
  3955 | D:4      | Identified the +3 leather armour of Awaqa {rN+ Stlth+}
  4226 | D:4      | Reached XP level 7. HP: 40/59 MP: 8/10
  4378 | D:4      | Became a worshipper of Beogh the Brigand
  4842 | D:4      | Reached skill level 6 in Unarmed Combat
  5345 | D:4      | Reached skill level 7 in Unarmed Combat
  5455 | D:5      | Reached skill level 1 in Armour
  5631 | D:5      | Reached skill level 1 in Invocations
  5648 | D:5      | Reached XP level 8. HP: 63/66 MP: 6/11
  7025 | D:6      | Reached skill level 8 in Unarmed Combat
  7229 | D:6      | Identified the +5 quarterstaff of Lust {vorpal, *Rage Str+2
                  | Int+9 Dex-4}
  7254 | D:6      | Reached * piety under Beogh
  7265 | D:6      | Reached skill level 9 in Unarmed Combat
  7500 | D:6      | Reached XP level 9. HP: 50/71 MP: 9/12
  8111 | D:7      | Identified the +2 dire flail of Demonic Guile {pain, rF++
                  | Int+3}
  8228 | D:7      | Reached skill level 5 in Fighting
  8228 | D:7      | Reached skill level 1 in Ice Magic
  8442 | D:7      | Found a basalt altar of Yredelemnul.
  8483 | D:7      | Slain by an unseen horror

Illustrated notes

Levels and vault maps discovered:
D:1:      minmay_arrival_up_and_down, layout_loops_ring
D:2:      layout_loops_ring, basic_altar, shapermc_ecumenical_altar_gd
D:3:      layout_basic, grunt_temple_overflow_diamond
D:4:      layout_rooms, serial_glass, glass_columns_b, glass_columns_c,
          serial_bayou_pond_c
D:5:      layout_basic
D:6:      minmay_bubble_buster, layout_loops_ring, serial_aquarium,
          aquarium_bridge_long_joined [aquarium_subvault_bridge,
          aquarium_subvault_wall, aquarium_subvault_wall,
          aquarium_subvault_wall, aquarium_subvault_bridge,
          aquarium_subvault_bridge], aquarium_bridge_square
          [aquarium_subvault_window, aquarium_subvault_bridge,
          aquarium_subvault_bridge, aquarium_subvault_wall],
          aquarium_window_fake, aquarium_window_double, aquarium_window_fake,
          aquarium_window_corner, aquarium_view_2c, aquarium_pool_2
D:7:      layout_gridville, makhleb_altar_promises_db,
          yredelemnul_altar_generic, temple_doors_ab

Skill      XL: |  1  2  3  4  5  6  7  8  9 |
---------------+----------------------------+-----
Unarmed Combat | 4 5 7 9 |  9.0
Fighting       | 2 3 4 5 |  5.0
Transmutations | 2 3 4 |  4.0
Poison Magic   | 1 2 |  2.0
Spellcasting   | 2 |  2.0
Armour         | 3 4 |  4.0
Invocations    | 2 3 |  3.0
Ice Magic      | 1 |  1.7
Dodging        | |  1.5

Action                   |  1- 3 |  4- 6 |  7- 9 || total
-------------------------+-------+-------+-------++-------
Melee: Unarmed           |    92 |   149 |   171 ||   412
       Headbutt          |    17 |    19 |     4 ||    40
       Kick              |    17 |    26 |    15 ||    58
       Punch             |     1 |     3 |     2 ||     6
Throw: Boomerang         |       |       |     1 ||     1
 Cast: Beastly Appendage |    32 |    24 |    14 ||    70
       Spider Form       |       |    13 |    30 ||    43
Invok: Convert to Beogh  |       |       |     1 ||     1
  Use: Potion            |       |     1 |     2 ||     3
 Stab: Sleeping          |     1 |     2 |     4 ||     7
Armor: Robe              |    24 |     9 |       ||    33
       Skin              |       |     3 |     7 ||    10
       Leather armour    |       |     4 |    22 ||    26
Dodge: Dodged            |    53 |    80 |   152 ||   285

Table legend: (Time is in decaauts)
 A = Elapsed time spent in this place.
 B = Non-inter-level travel time spent in this place.
 C = Inter-level travel time spent in this place.
 D = Time resting spent in this place.
 E = Time spent auto-exploring this place.
 F = Levels seen in this place.
 G = Mean time per level.
                   A        B        C        D        E       F      G
               +--------+--------+--------+--------+--------+-----+--------+
         Total |   8472 |   7996 |    476 |   2557 |   3607 |   7 | 1210.3 |
       Dungeon |   8472 |   7996 |    476 |   2557 |   3607 |   7 | 1210.3 |
               +--------+--------+--------+--------+--------+-----+--------+

Top non-repeatable levels by time:
     D:4: 1752 daAuts
     D:6: 1482 daAuts
     D:5: 1423 daAuts
     D:3: 1262 daAuts
     D:2: 1237 daAuts
     D:1: 1009 daAuts
     D:7: 304 daAuts
